 Dungeon Sprint DCSS version 0.24.0-37-gcf1ca852f1 (webtiles) character file.

Game seed: 7014931938982436756, levelgen mode: deterministic

1232 Cryoshakespeare the Unseen (level 8, 0/44 HPs)
             Began as a Kobold Assassin on Nov 22, 2019.
             Was a Believer of Uskayaw.
             Slain by a demonic crawler (2 damage)
             ... in the Dungeon (Sprint I: "Red Sonja").
             The game lasted 00:02:22 (527 turns).

Cryoshakespeare the Unseen (Kobold Assassin)         Turns: 527, Time: 00:02:22

Health: 0/44       AC:  3    Str:  8    XL:     8   Next: 77%
Magic:  11/14      EV: 14    Int: 12    God:    Uskayaw [**....]
Gold:   422        SH:  0    Dex: 19    Spells: 7/7 levels left

rFire    . . .     SeeInvis .   a - +2 dagger
rCold    . . .     Gourm    .   (shield restricted)
rNeg     . . .     Faith    .   b - +0 robe
rPois    .         Spirit   .   (no helmet)
rElec    .         Reflect  .   c - +0 cloak
rCorr    .         Harm     .   (no gloves)
MR       .....     NoTele   +   (no boots)
Stlth    ++++++....             (no amulet)
HPRegen  0.14/turn              (no ring)
MPRegen  0.14/turn              (no ring)

@: no status effects
A: small, carnivore
a: Stomp, Line Pass, Renounce Religion


You were in the Dungeon.
You worshipped Uskayaw.
Uskayaw was aware of your devotion.
You were very full.

You visited 1 branch You collected 422 gold pieces.

Inventory:

Hand Weapons
 a - a +2 dagger (weapon)
Missiles
 d - 8 poisoned darts (quivered)
 e - 2 curare-tipped darts
Armour
 b - a +0 robe (worn)
 c - a +0 cloak (worn)
Wands
 m - a wand of flame (17)
Scrolls
 l - a scroll of blinking
Potions
 g - a potion of curing
 i - a potion of haste
 j - 2 potions of magic
 n - a potion of lignification {unknown}
Comestibles
 f - 2 rations


   Skills:
 - Level 2.1 Fighting
 + Level 14.6 Short Blades
 - Level 2.1 Throwing
 - Level 1.2 Dodging
 + Level 16.1 Stealth
 * Level 8.8 Invocations


You had 7 spell levels left.
You didn't know any spells.
Your spell library was empty.

Dungeon Overview and Level Annotations

Branches:
Dungeon (1/1)

Altars:
Cheibriados
Dithmenos
Elyvilon
Fedhas
Gozag
Hepliaklqana
Kikubaaqudgha
Makhleb
Nemelex Xobeh
Okawaru
Qazlal
Ru
Sif Muna
Trog
Uskayaw
Vehumet
Wu Jian
Xom
Yredelemnul
Zin
The Shining One
Jiyva
Lugonu

Shops:
D [


Innate Abilities, Weirdness & Mutations

You are small and have problems with some larger weapons.
You are carnivorous and can eat meat at any time.


Message History

Things that are here:
a +1 dagger of venom; a +0 robe
Things that are here:
a +0 dagger; a +0 robe
Things that are here:
a +1 dagger of venom; a +0 robe You open the door. 4 demonic crawlers come into view.
The demonic crawler gives a hideous shriek! x4
The demonic crawler hits you but does no damage.
The demonic crawler hits you. x2; The demonic crawler hits you! x3
* * * LOW HITPOINT WARNING * * *
The demonic crawler closely misses you. The demonic crawler hits you!
* * * LOW HITPOINT WARNING * * *
The demonic crawler misses you.
There is an open door here.
Unknown command.
Okay, then.
The demonic crawler closely misses you. The demonic crawler hits you.
You die...

###################
..#.)'..#__#..'..)#
.)'..#..'..'..#.@s##+#
#'#####'#__####)..ss.#
..#...#.#### #####s.+
###..##.# +##
__##'#_.+ ...'..._#
__##_.#+# __###+# ###


You could see 4 demonic crawlers.

Vanquished Creatures
  2 kobold demonologists (D)
  A slime creature (D)
  Sigmund (D)
  A yak (D)
  A floating eye (D)
  An ogre (D)
  A jelly (D)
  Ijyb (D)
9 creatures vanquished.

Notes
Turn   | Place    | Note
-------+----------+-------------------------------------------
     0 | D        | Cryoshakespeare the Kobold Assassin began the quest for the
                  | Orb.
     0 | D        | Reached XP level 1. HP: 12/12 MP: 1/1
     2 | D        | Noticed Ijyb
     4 | D        | Killed Ijyb
     4 | D        | Reached skill level 5 in Short Blades
     4 | D        | Reached skill level 7 in Stealth
     4 | D        | Reached XP level 2. HP: 17/17 MP: 2/2
     4 | D        | Reached XP level 3. HP: 21/21 MP: 3/3
     7 | D        | Noticed an ogre
    10 | D        | Killed an ogre
    10 | D        | Reached skill level 10 in Stealth
    10 | D        | Reached XP level 4. HP: 26/26 MP: 4/4
    10 | D        | Reached XP level 5. HP: 30/30 MP: 5/5
    34 | D        | Noticed Sigmund
    36 | D        | Killed Sigmund
    36 | D        | Reached skill level 12 in Stealth
    36 | D        | Reached XP level 6. HP: 35/35 MP: 6/6
    52 | D        | Found an ornate altar of the Wu Jian Council.
    52 | D        | Found a shimmering blue altar of Sif Muna.
    54 | D        | Found a radiant altar of Vehumet.
    65 | D        | Reached skill level 13 in Stealth
   309 | D        | Found Jautann's Armour Emporium.
   309 | D        | Found an ancient bone altar of Kikubaaqudgha.
   309 | D        | Found a hazy altar of Hepliaklqana.
   309 | D        | Found a stormy altar of Qazlal.
   309 | D        | Found a hide-covered altar of Uskayaw.
   309 | D        | Found a blossoming altar of Fedhas.
   309 | D        | Found a bloodstained altar of Trog.
   309 | D        | Found an iron altar of Okawaru.
   309 | D        | Found a basalt altar of Yredelemnul.
   309 | D        | Found a glowing golden altar of the Shining One.
   309 | D        | Found a snail-covered altar of Cheibriados.
   309 | D        | Found a sacrificial altar of Ru.
   309 | D        | Found a glowing silver altar of Zin.
   309 | D        | Found a shadowy altar of Dithmenos.
   309 | D        | Found a white marble altar of Elyvilon.
   309 | D        | Noticed a yak
   310 | D        | Found an opulent altar of Gozag.
   311 | D        | Killed a yak
   311 | D        | Reached skill level 14 in Stealth
   311 | D        | Reached XP level 7. HP: 40/40 MP: 7/7
   312 | D        | Found a sparkling altar of Nemelex Xobeh.
   315 | D        | Became a worshipper of Uskayaw the Reveler
   341 | D        | Found a viscous altar of Jiyva.
   341 | D        | Found a corrupted altar of Lugonu.
   341 | D        | Noticed a slime creature
   342 | D        | Found a burning altar of Makhleb.
   342 | D        | Found a shimmering altar of Xom.
   362 | D        | Reached * piety under Uskayaw
   364 | D        | Reached ** piety under Uskayaw
   367 | D        | Reached *** piety under Uskayaw
   368 | D        | Killed a slime creature
   368 | D        | Reached skill level 15 in Stealth
   511 | D        | Noticed a kobold demonologist
   512 | D        | Noticed a kobold demonologist
   514 | D        | Killed a kobold demonologist
   514 | D        | Reached XP level 8. HP: 44/44 MP: 10/13
   517 | D        | Killed a kobold demonologist
   517 | D        | Reached skill level 16 in Stealth
   524 | D        | Noticed a demonic crawler
   524 | D        | Noticed a demonic crawler
   524 | D        | Noticed a demonic crawler
   524 | D        | Noticed a demonic crawler
   525 | D        | HP: 2/44 [demonic crawler (7)]
   527 | D        | Slain by a demonic crawler

Levels and vault maps discovered:
D:        dungeon_sprint_1 [red_sonja_temple_1, red_sonja_temple_small_1]

Skill      XL: |  1  2  3  4  5  6  7  8 |
---------------+-------------------------+-----
Short Blades   | 5 8 11 13 14 | 14.6
Stealth        | 7 10 12 14 15 16 | 16.1
Invocations    | 7 8 |  8.8
Fighting       | |  2.1
Throwing       | |  2.1
Dodging        | |  1.2

Action                   |  1- 3 |  4- 6 |  7- 9 || total
-------------------------+-------+-------+-------++-------
Melee: Dagger            |     2 |    10 |    14 ||    26
  Use: Potion            |       |       |     2 ||     2
 Stab: Sleeping          |     2 |     2 |     3 ||     7
       Paralysed         |       |       |     1 ||     1
  Eat: Chunk             |       |     6 |       ||     6
Armor: Robe              |       |       |     1 ||     1
Dodge: Dodged            |       |     3 |     5 ||     8
